[Event "6e Open International d'Echecs des Sable"]
[Site "Sables d'Olonne, France"]
[Date "2019.07.17"]
[Round "7.6"]
[White "Le Pen, Steven"]
[Black "Dalaud, Dorian"]
[Result "0-1"]
[ECO "B90"]
[WhiteElo "2094"]
[BlackElo "2220"]
[Annotator "jeanluc"]
[PlyCount "94"]
[EventDate "2019.??.??"]
[TimeControl "1/40:0"]
[WhiteClock "0:07:11"]
[BlackClock "0:09:39"]

1. e4 c5 2. Nf3 d6 3. d4 cxd4 4. Nxd4 Nf6 5. Nc3 a6 6. Be3 e5 7. Nb3 Be6 8. f3 h5 9. Qd2 Nbd7 10. Nd5 Bxd5 11. exd5 g6 12. Be2 Bg7 13. O-O O-O 14. a4 a5 15. Bb5 Qc7 16. c4 b6 17. h3 Nc5 18.
Nxc5 bxc5 19. Ra3 Nh7 20. Rb3 Rab8 21. Bf2 f5 22. Be1 e4 23. Qxa5 Bd4+ 24. Kh1 Qe7 25. Qd2 exf3 26. Rbxf3 Ng5 27. Rd3 f4 28. Bh4 Be3 29. Qe2 Rf5 30. Rxf4 Rxf4 31. Rxe3 Qf6 32. Re6 Qf5 33. Bxg5 Qxg5 34. a5 Rbf8 35. Qe3 Rf1+ 36. Kh2 Qxe3 37. Rxe3 Ra1 38. Rg3 Kg7 39. a6 Rff1 40. Ra3 g5 41. Ba4 Rxa3 42. bxa3 Rf7 43. Kg3 Kh6 44. Bc6 h4+ 45. Kh2 Ra7 46. Bb7 Kg6 47. g3 Kf5 0-1

[Event "6e Open International d'Echecs des Sable"]
[Site "Sables d'Olonne, France"]
[Date "2019.07.17"]
[Round "7.7"]
[White "Besson, Bastien"]
[Black "Angermuende, Dirk"]
[Result "1-0"]
[ECO "C14"]
[WhiteElo "2204"]
[BlackElo "1972"]
[Annotator "jeanluc"]
[PlyCount "43"]
[EventDate "2019.??.??"]
[TimeControl "1/40:0"]
[WhiteClock "0:44:50"]
[BlackClock "0:09:19"]

1. e4 e6 2. d4 d5 3. Nc3 Nf6 4. Bg5 Be7 5. e5 Nfd7 6. h4 c5 7. Bxe7 Kxe7 8. f4 Nc6 9. Nf3 a6 10. Qd2 cxd4 11. Nxd4 Qb6 12. Nb3 Rd8 13. Bd3 h6 14. O-O-O Nc5 15. Qe2 Nxb3+ 16. axb3 Nb4 17. Qg4 Nxd3+ 18. Rxd3 Rg8 19. Rxd5 Qe3+ 20. Rd2 Rd8 21. Rhd1 Bd7 22. h5 1-0

[Event "6e Open International d'Echecs des Sable"]
[Site "Sables d'Olonne, France"]
[Date "2019.07.18"]
[Round "8.1"]
[White "Vidal, Llewellyn"]
[Black "Eugene, Floryan"]
[Result "1/2-1/2"]
[ECO "E62"]
[WhiteElo "2336"]
[BlackElo "2300"]
[Annotator "jeanluc"]
[PlyCount "52"]
[EventDate "2019.??.??"]
[TimeControl "1/40:0"]
[WhiteClock "0:58:45"]
[BlackClock "0:23:15"]

1. c4 Nf6 2. Nc3 g6 3. g3 Bg7 4. Bg2 O-O 5. d4 d6 6. Nf3 Nc6 7. O-O e5 8. dxe5 Nxe5 9. Nxe5 dxe5 10. Qxd8 Rxd8 11. Bg5 Rd4 12. b3 c6 13. Rad1 h6 14. Be3 Rxd1 15. Rxd1 Be6 16. h3 Bf8 17. Na4 Nd7 18.
f4 exf4 19. gxf4 f5 20. Kf2 Be7 21. Kg3 g5 22. Bf3 Kh7 23.
Rg1 gxf4+ 24. Bxf4 Nc5 25. Nxc5 Bxc5 26. e3 b5 1/2-1/2

[Event "6e Open International d'Echecs des Sable"]
[Site "Sables d'Olonne, France"]
[Date "2019.07.18"]
[Round "8.2"]
[White "Colin, Vincent"]
[Black "Besson, Bastien"]
[Result "1-0"]
[ECO "E92"]
[WhiteElo "2370"]
[BlackElo "2204"]
[Annotator "jeanluc"]
[PlyCount "78"]
[EventDate "2019.??.??"]
[TimeControl "1/40:0"]
[WhiteClock "0:47:10"]
[BlackClock "0:02:02"]

1. d4 d6 2. Nf3 Nf6 3. c4 g6 4. Nc3 Bg7 5. e4 O-O 6. Be2 e5 7. d5 Na6 8. Be3 Ng4 9. Bg5 f6 10. Bh4 Nh6 11. Nd2 Nc5 12. f3 a5 13.
Qc2 Bd7 14. O-O-O Qe7 15. Kb1 Rfc8 16. Bf2 Nf7 17. h4 Qe8 18. h5 Na4 19. Nb5 Nc5 20. hxg6 hxg6 21. Be3 Bf8 22. Rc1 c6 23. Nc3 Qd8 24. Qd1 Bg7 25. Qg1 cxd5 26. Nxd5 Be6 27. Qh2 Bxd5 28. Qh7+ Kf8 29. cxd5 f5 30. Qxg6 f4 31. Bf2 Qf6 32. Qg4 Qg5 33. Qxg5 Nxg5 34. Nc4 Ncxe4 35. fxe4 Nxe4 36. Bh4 b5 37. Nb6 Rxc1+ 38. Rxc1 Ra7 39. Rc8+ Kf7 1-0

[Event "6e Open International d'Echecs des Sable"]
[Site "Sables d'Olonne, France"]
[Date "2019.07.18"]
[Round "8.3"]
[White "Lucas, Arthur"]
[Black "Prie, Eric"]
[Result "1/2-1/2"]
[ECO "C56"]
[WhiteElo "2286"]
[BlackElo "2436"]
[Annotator "jeanluc"]
[PlyCount "40"]
[EventDate "2019.??.??"]
[TimeControl "1/40:0"]
[WhiteClock "0:45:31"]
[BlackClock "0:57:01"]

1. e4 e5 2. Nf3 Nc6 3. d4 exd4 4. Bc4 Nf6 5. e5 d5 6. Bb5 Ne4 7. Nxd4 Bd7 8. Bxc6 bxc6 9. O-O Bc5 10. f3 Ng5 11. Be3 O-O 12. f4 Ne4 13.
Nd2 Nxd2 14. Qxd2 Re8 15. Nb3 Bb6 16. Rae1 Bf5 17. Qc3 Qd7 18. Nc5 Bxc5 19. Bxc5 Re6 20. Rf3 Rg6 1/2-1/2

[Event "6e Open International d'Echecs des Sable"]
[Site "Sables d'Olonne, France"]
[Date "2019.07.18"]
[Round "8.4"]
[White "Duboue, Peio"]
[Black "Durand-Le Ludec, Brendan-Budok"]
[Result "1-0"]
[ECO "B22"]
[WhiteElo "2409"]
[BlackElo "2199"]
[Annotator "jeanluc"]
[PlyCount "28"]
[EventDate "2019.??.??"]
[TimeControl "1/40:0"]
[WhiteClock "1:21:10"]
[BlackClock "0:52:03"]

1. e4 c5 2. c3 g6 3. Nf3 d5 4. exd5 Qxd5 5. d4 Bg7 6. Na3 Nf6 7. Bc4 Qh5 8. Nb5 Na6 9. Qb3 O-O 10. Bxf7+ Rxf7 11. Ng5 e6 12. Nxf7 Kxf7 13. Nd6+ Kg8 14. Nxc8 Rxc8 1-0

[Event "6e Open International d'Echecs des Sable"]
[Site "Sables d'Olonne, France"]
[Date "2019.07.18"]
[Round "8.5"]
[White "Dalaud, Dorian"]
[Black "Mariette, Lucas"]
[Result "0-1"]
[ECO "D90"]
[WhiteElo "2220"]
[BlackElo "2244"]
[Annotator "jeanluc"]
[PlyCount "70"]
[EventDate "2019.??.??"]
[TimeControl "1/40:0"]
[WhiteClock "0:01:05"]
[BlackClock "0:02:30"]

1. Nf3 Nf6 2. c4 g6 3. Nc3 d5 4. cxd5 Nxd5 5. Qb3 Nb6 6.
d4 Bg7 7. e4 Bg4 8. Be3 Bxf3 9. gxf3 Bxd4 10. Rd1 e5 11. Nb5 Nc6 12. Nxd4 Nxd4 13. Bxd4 exd4 14. Qb5+ Kf8 15. Qe5 f6 16. Qf4 c5 17. h4 h5 18. Rg1 Kf7 19. Bh3 Nc4 20. Qg3 Rg8 21. b3 Ne5 22. f4 Nc6 23.
Qf3 Qe7 24. Kf1 Rae8 25. Re1 Rg7 26. f5 Qe5 27. Rxg6 Qh2 28.
e5 Rxe5 29. Rxe5 Qxe5 30. Qxh5 d3 31. Rg3+ Kg8 32. Rxd3 Qe4 33. Re3 Qb1+ 34. Re1 Qd3+ 35. Re2 Qd1+ 0-1

[Event "6e Open International d'Echecs des Sable"]
[Site "Sables d'Olonne, France"]
[Date "2019.07.18"]
[Round "8.6"]
[White "Saucourt, Nathan"]
[Black "Bujisho, Benjamin"]
[Result "0-1"]
[ECO "A46"]
[WhiteElo "1762"]
[BlackElo "2326"]
[Annotator "jeanluc"]
[PlyCount "108"]
[EventDate "2019.??.??"]
[TimeControl "1/40:0"]
[WhiteClock "0:01:22"]
[BlackClock "0:32:37"]

1. d4 Nf6 2. Nf3 b5 3. e3 a6 4. Be2 Bb7 5. O-O e6 6. b3 Be7 7. Bb2 O-O 8. c4 b4 9. Nbd2 d6 10. Qc2 Nbd7 11. Rfd1 c5 12. dxc5 Nxc5 13. Ng5 h6 14. Bxf6 hxg5 15. Bb2 Qc7 16. Bf3 Rac8 17. Rac1 f5 18. Bxb7 Qxb7 19. f3 Rcd8 20. Bd4 Qc6 21. Nf1 a5 22. h3 Nd7 23. Ng3 Nf6 24. e4 g4 25. Bxf6 Bxf6 26. hxg4 fxg4 27. Qd3 gxf3 28. gxf3 Qc5+ 29. Kg2 Qg5 30. Qd2 Qxd2+ 31. Rxd2 Bg5 32. Rcd1 Bxd2 33. Rxd2 Kf7 34. Ne2 Ke7 35. Nd4 Rc8 36. Nb5 Rfd8 37. Kg3 Rc5 38. Kg4 d5 39. exd5 exd5 40. Re2+ Kf7 41. Rd2 Kg8 42. f4 Rb8 43. Nd6 Rb6 44. Nb5 dxc4 45. bxc4 Rxc4 46. Nd6 Rc7 47. Ne4 Rb8 48. Rb2 a4 49. Nf2 Rc4 50. Nd3 Rf8 51. Kg5 Rd4 52. Nc5 Rdxf4 53. Nxa4 R8f5+ 54. Kg6 Re5 0-1

[Event "6e Open International d'Echecs des Sable"]
[Site "Sables d'Olonne, France"]
[Date "2019.07.18"]
[Round "8.7"]
[White "Eugene, Nathael"]
[Black "Pottier, Simeon"]
[Result "1-0"]
[ECO "C50"]
[WhiteElo "1353"]
[BlackElo "2192"]
[Annotator "jeanluc"]
[PlyCount "101"]
[EventDate "2019.??.??"]
[TimeControl "1/40:0"]
[WhiteClock "0:48:44"]
[BlackClock "0:42:28"]

1. e4 e5 2. Nf3 Nc6 3. Bc4 Bc5 4. d3 Nf6 5. O-O d6 6. h3 Na5 7. Bb3 Nxb3 8. axb3 h6 9. Nc3 O-O 10. Na4 Qe7 11. Nxc5 dxc5 12. Be3 Nd7 13. Qd2 b6 14. Qc3 a5 15. Nd2 Nb8 16. f4 exf4 17. Bxf4 Nc6 18. Nf3 Be6 19. d4 cxd4 20. Qxc6 Rac8 21. Nxd4 Bd7 22. Qc3 Qxe4 23. Rae1 Qg6 24. Qg3 Qh7 25. Re7 c5 26. Qd3 cxd4 27. Rxd7 Rxc2 28. Qxd4 Qg6 29. Rf2 Rc6 30. Rd6 Rxd6 31. Qxd6 Qb1+ 32. Kh2 Re8 33. Qd7 Re1 34. Qc8+ Kh7 35. Qc2+ Qxc2 36. Rxc2 Re6 37. Rd2 g5 38. Bc7 Rc6 39. Rd7 Kg6 40. Rd6+ Rxd6 41. Bxd6 b5 42. b4 a4 43. g4 f5 44. Be5 h5 45. Kg3 hxg4 46. hxg4 fxg4 47. Kxg4 Kf7 48. Kf5 Ke7 49. Ke4 Ke6 50. Kd4 g4 51. Bb8 1-0

[Event "6e Open International d'Echecs des Sable"]
[Site "Sables d'Olonne, France"]
[Date "2019.07.19"]
[Round "9.1"]
[White "Vidal, Llewellyn"]
[Black "Colin, Vincent"]
[Result "1/2-1/2"]
[ECO "A28"]
[WhiteElo "2336"]
[BlackElo "2370"]
[Annotator "jeanluc"]
[PlyCount "21"]
[EventDate "2019.??.??"]
[TimeControl "1/40:0"]
[WhiteClock "1:21:01"]
[BlackClock "1:21:43"]

1. c4 e5 2. Nc3 Nf6 3. Nf3 Nc6 4. e4 g6 5. d4 exd4 6. Nxd4 Bg7 7. Be3 O-O 8. f3 Nxd4 9. Bxd4 Nh5 10. Bxg7 Nxg7 11. Qd2 1/2-1/2

[Event "6e Open International d'Echecs des Sable"]
[Site "Sables d'Olonne, France"]
[Date "2019.07.19"]
[Round "9.2"]
[White "Eugene, Floryan"]
[Black "Duboue, Peio"]
[Result "0-1"]
[ECO "C66"]
[WhiteElo "2300"]
[BlackElo "2409"]
[Annotator "jeanluc"]
[PlyCount "88"]
[EventDate "2019.??.??"]
[TimeControl "1/40:0"]
[WhiteClock "0:18:17"]
[BlackClock "0:01:27"]

1. e4 e5 2. Nf3 Nc6 3. Bb5 Nf6 4. O-O d6 5. Re1 Bd7 6. c3 Be7 7. d4 O-O 8. h3 h6 9. Nbd2 Nxd4 10. cxd4 Bxb5 11. Qb3 Ba6 12. dxe5 dxe5 13. Nxe5 Nd7 14. Ndc4 Nc5 15. Qg3 Bh4 16. Qf3 Bxc4 17. Nxc4 Bxf2+ 18. Qxf2 Nd3 19. Rd1 Nxf2 20. Rxd8 Nxh3+ 21. gxh3 Raxd8 22. Be3 Rfe8 23. Nd2 f5 24. Rc1 g5 25. Nf1 f4 26. Bxa7 Rd7 27. Bf2 Rxe4 28. Nh2 c6 29. Ng4 Re6 30. Rc5 Rd5 31. Rxd5 cxd5 32. Bd4 h5 33. Ne5 Ra6 34. a3 Ra4 35. Bc3 Re4 36. Nd7 Kf7 37. Kf2 d4 38. Bd2 d3 39. Bc3 Re2+ 40. Kf1 Re3 41. h4 gxh4 42. Ne5+ Ke6 43. Ng6 Rf3+ 44. Ke1 h3 0-1

[Event "6e Open International d'Echecs des Sable"]
[Site "Sables d'Olonne, France"]
[Date "2019.07.19"]
[Round "9.3"]
[White "Maleki, Nicolas"]
[Black "Prie, Eric"]
[Result "0-1"]
[ECO "B01"]
[WhiteElo "2088"]
[BlackElo "2436"]
[Annotator "jeanluc"]
[PlyCount "99"]
[EventDate "2019.??.??"]
[TimeControl "1/40:0"]
[WhiteClock "0:02:40"]
[BlackClock "0:23:56"]

1. e4 d5 2. exd5 Qxd5 3. Nc3 Qa5 4. Bc4 Nf6 5. d3 Bg4 6. f3 Bd7 7. Nge2 e6 8. Bf4 Nc6 9. Qd2 Ne5 10. Bb3 O-O-O 11. O-O-O Bc6 12. Qe1 Be7 13. d4 Ng6 14. Bd2 Qa6 15. Kb1 Rhe8 16. Qf2 b5 17. a3 Qb6 18. Rhf1 a5 19. a4 b4 20. Na2 Bd5 21. Nac1 c5 22. Bxd5 Rxd5 23. c4 bxc3 24. Nxc3 Rxd4 25. Be3 Rxd1 26. Rxd1 Rd8 27. Rxd8+ Kxd8 28. Nd3 Nd7 29. Ne4 Qb3 30. Ndxc5 Bxc5 31. Nxc5 Nxc5 32. Bxc5 Qd1+ 33. Ka2 Qxa4+ 34. Kb1 Qd1+ 35. Ka2 Ne5 36. Bb6+ Kd7 37. Qc5 Nc6 38. Qf8 Qa4+ 39. Kb1 Qd1+ 40. Ka2 Nb4+ 41. Ka3 Qa1+ 42. Kb3 Qa2+ 43. Kc3 Nd5+ 44. Kc2 Qc4+ 45. Kb1 Nxb6 46. Qxf7+ Kc6 47. Qxg7 Qd3+ 48.
Ka1 Nd5 49. Qg4 Kb5 50. Qh5 0-1

[Event "6e Open International d'Echecs des Sable"]
[Site "Sables d'Olonne, France"]
[Date "2019.07.19"]
[Round "9.4"]
[White "Bujisho, Benjamin"]
[Black "Eugene, Nathael"]
[Result "1-0"]
[ECO "A26"]
[WhiteElo "2326"]
[BlackElo "1353"]
[Annotator "jeanluc"]
[PlyCount "53"]
[EventDate "2019.??.??"]
[TimeControl "1/40:0"]
[WhiteClock "0:53:14"]
[BlackClock "1:02:45"]

1. Nf3 Nf6 2. g3 g6 3. Bg2 Bg7 4. O-O O-O 5. c4 d6 6. Nc3 e5 7. d3 Nc6 8. Rb1 a5 9. a3 Nh5 10. b4 axb4 11. axb4 f5 12. b5 Ne7 13. Qb3 Be6 14. Ng5 Bf7 15. Bxb7 Rb8 16. Bg2 Nf6 17. Qc2 Nd7 18. Nxf7 Kxf7 19. Nd5 Nxd5 20. Bxd5+ Ke8 21. f4 exf4 22. Bxf4 g5 23. Bd2 f4 24. Kh1 fxg3 25. hxg3 Rf6 26. Kg2 Qe7 27. Bxg5 1-0

[Event "6e Open International d'Echecs des Sable"]
[Site "Sables d'Olonne, France"]
[Date "2019.07.19"]
[Round "9.5"]
[White "Boulos, Jean"]
[Black "Lucas, Arthur"]
[Result "0-1"]
[ECO "B32"]
[WhiteElo "1860"]
[BlackElo "2286"]
[Annotator "jeanluc"]
[PlyCount "56"]
[EventDate "2019.??.??"]
[TimeControl "1/40:0"]
[WhiteClock "0:07:42"]
[BlackClock "0:04:34"]

1. e4 c5 2. Nf3 Nc6 3. d4 cxd4 4. Nxd4 e5 5. Nf3 Nf6 6.
Nbd2 Bc5 7. Bd3 O-O 8. O-O d5 9. exd5 Qxd5 10. Qe1 Bg4 11.
Bc4 Qd6 12. c3 Rfe8 13. Ng5 Bh5 14. Nde4 Qe7 15. Nxf6+ Qxf6 16. Ne4 Qe7 17. Bg5 Qf8 18. Nxc5 Qxc5 19. Bb3 e4 20. Qe3 Qb5 21. c4 Qe5 22. Rab1 Nd4 23. Ba4 Re6 24. Bh4 Nf5 25. Qh3 Rg6 26. Bd1 Rh6 27. Bg5 Bg4 28. Qg3 Nxg3 0-1

[Event "6e Open International d'Echecs des Sable"]
[Site "Sables d'Olonne, France"]
[Date "2019.07.19"]
[Round "9.6"]
[White "Mariette, Lucas"]
[Black "Picart, Laurent"]
[Result "1-0"]
[ECO "C06"]
[WhiteElo "2244"]
[BlackElo "2061"]
[Annotator "jeanluc"]
[PlyCount "57"]
[EventDate "2019.??.??"]
[TimeControl "1/40:0"]
[WhiteClock "0:40:12"]
[BlackClock "0:20:33"]

1. e4 e6 2. d4 d5 3. Nd2 Be7 4. Ngf3 Nf6 5. e5 Nfd7 6. Bd3 c5 7. c3 Nc6 8. O-O g5 9. h3 h5 10. g4 cxd4 11. cxd4 Qb6 12. Nb3 a5 13. a4 hxg4 14. hxg4 Rh3 15. Bb5 Rxf3 16. Qxf3 Nxd4 17. Nxd4 Qxd4 18. Re1 Kf8 19. Qh3 Kg7 20. Bd3 Nf8 21. Kg2 Ng6 22. Bxg6 fxg6 23. Rh1 Kf7 24. Qg3 b6 25. Rh7+ Ke8 26. Qf3 Qe4 27. Qxe4 dxe4 28. Be3 Bf8 29. Rh5 1-0

[Event "6e Open International d'Echecs des Sable"]
[Site "Sables d'Olonne, France"]
[Date "2019.07.19"]
[Round "9.7"]
[White "Redondo Arguelles, Graciela"]
[Black "Dalaud, Dorian"]
[Result "1-0"]
[ECO "B22"]
[WhiteElo "2043"]
[BlackElo "2220"]
[Annotator "jeanluc"]
[PlyCount "51"]
[EventDate "2019.??.??"]
[TimeControl "1/40:0"]
[WhiteClock "0:11:36"]
[BlackClock "0:24:08"]

1. e4 c5 2. c3 d5 3. exd5 Qxd5 4. d4 Nc6 5. Nf3 Bf5 6. Be3 cxd4 7. cxd4 Bxb1 8. Rxb1 e6 9. a3 Nf6 10. Be2 Bd6 11. O-O O-O 12. h3 Rac8 13. Rc1 Bb8 14. b4 Qd6 15. Qd3 Nd5 16. Rc5 b6 17. Rc4 e5 18. g3 e4 19. Qxe4 Rfe8 20. Qg4 h5 21. Qxh5 Nxe3 22. Ng5 Qg6 23.
Qxg6 fxg6 24. fxe3 Ne7 25. Rxc8 Rxc8 26. Bg4 1-0